 Dungeon Crawl Stone Soup version 0.27.0-1-g7a089689b8 (webtiles) character file.

Game seed: 2134698954782079189

8982 jasper the Martial Artist (level 9, 0/74 HPs)
             Began as a Demonspawn Transmuter on Aug 8, 2021.
             Was an Elder of Ru.
             Slain by a seven-headed hydra (3 damage)
             ... on level 1 of the Orcish Mines.
             The game lasted 00:25:18 (15338 turns).

jasper the Martial Artist (Demonspawn Transmuter)  Turns: 15338, Time: 00:25:19

Health: 0/74       AC:  7    Str: 16    XL:     9   Next: 17%
Magic:  11/12      EV: 13    Int: 18    God:    Ru [****..]
Gold:   449        SH:  5    Dex: 14    Spells: 7/12 levels left

rFire    + . .     SeeInvis .     - Unarmed
rCold    . . .     Faith    .   c - +0 buckler
rNeg     . . .     Spirit   .   p - +2 ring mail {rF+}
rPois    .         Reflect  .   (helmet restricted)
rElec    .         Harm     .   (no cloak)
rCorr    .         Rampage  .   (gloves unavailable)
Will     .....                  (no boots)
Stlth    +.........             (no amulet)
HPRegen  0.22/turn              k - +6 ring of strength
MPRegen  0.13/turn              (no ring)

@: hasted, very quick
A: claws 3, horns 1, talons 1, foul stench 1, hated by all, inexperienced 1,
demonic magic 1
a: Renounce Religion, Draw Out Power, Power Leap


You were on level 1 of the Orcish Mines.
You worshipped Ru.
Ru was greatly pleased with you.
You visited 3 branches of the dungeon, and saw 13 of its levels.

You collected 479 gold pieces.
You spent 30 gold pieces at shops.

Inventory:

Missiles
 b - 7 boomerangs
 i - 133 stones
 j - 40 poisoned darts (quivered)
Armour
 a - a +0 robe
 c - a +0 buckler (worn)
 g - a +0 ring mail
 h - a +0 troll leather armour
 p - a +2 ring mail of fire resistance (worn)
 q - a +0 kite shield
 t - a +0 ring mail of willpower
 v - the +1 robe of Esawus {Rampage rPois rF- Str+2}
   (You found it on level 6 of the Dungeon)

   Str:       It affects your strength (+2).
   rF:        It makes you vulnerable to fire.
   rPois:     It protects you from poison.
   Rampage:   It bestows one free step when moving towards enemies.
 A - a scarf of harm
Jewellery
 k - a +6 ring of strength (left claw)
Wands
 w - a wand of polymorph (6)
 x - a wand of flame (21)
Scrolls
 d - a scroll of silence
 e - 2 scrolls of fog
 r - 5 scrolls of enchant weapon
 u - 2 scrolls of teleportation
 y - a scroll of amnesia
Potions
 f - 2 potions of brilliance {unknown}
 m - a potion of lignification {unknown}
 n - a potion of flight {unknown}
 o - 2 potions of ambrosia {unknown}
 s - 2 potions of degeneration {unknown}
 z - a potion of heal wounds {unknown}


   Skills:
 + Level 8.0 Fighting
 + Level 7.5 Dodging
 - Level 4.0 Shields
 * Level 10.5 Unarmed Combat
 - Level 2.0 Spellcasting
 - Level 4.0 Transmutations
 - Level 4.0 Earth Magic


You had 7 spell levels left.
You knew the following spells:

 Your Spells              Type           Power      Damage    Failure   Level
a - Beastly Appendage     Tmut           32%        N/A       7%          1
b - Wereblood             Tmut           16%        N/A       10%         2
c - Passwall              Tmut/Erth      13%        N/A       10%         2

Your spell library contained the following spells:

 Spells                   Type           Power      Damage    Failure   Level
 Sandblast                Erth           32%        2d9       7%          1
 Corona                   Hex            1%         N/A       34%         1
 Spider Form              Tmut/Pois      4%         N/A       41%         3
 Ensorcelled Hibernation  Hex/Ice        2%         N/A       45%         2
 Gell's Gravitas          Tloc           0%         N/A       71%         3
 Lesser Beckoning         Tloc           0%         N/A       71%         3
 Teleport Other           Tloc           1%         N/A       71%         3
 Ice Form                 Ice/Tmut       9%         N/A       83%         4
 Lee's Rapid Deconstruct  Erth           8%         3d8*      88%         5
 Dispersal                Tloc           0%         N/A       100%        6
 Disjunction              Tloc           0%         N/A       100%        8
 Tukima's Dance           Hex            Unusable   N/A       N/A         3

Dungeon Overview and Level Annotations

Branches:
Dungeon (11/15)            Temple (1/1) D:6            Lair (0/6) D:9
    Orc (1/2) D:11

Altars:
Ashenzari
Cheibriados
Dithmenos
Elyvilon
Fedhas
Gozag
Hepliaklqana
Kikubaaqudgha
Makhleb
Nemelex Xobeh
Okawaru
Qazlal
Ru
Sif Muna
Trog
Uskayaw
Vehumet
Wu Jian
Xom
Yredelemnul
Zin
The Shining One

Shops:
D:2 !   D:5 (   D:6 =   Orc:1 (

Annotations:
D:3 1 runed translucent door, horus123's ghost, amateur OpBr
D:4 Edmund
D:5 2 runed translucent doors, Spectrina's ghost, amateur DEMo
D:10 Fannar
Orc:1 2 transporters, sasquatch's ghost, journeyman DEFE


Innate Abilities, Weirdness & Mutations

You have claws for hands.
You have a pair of small horns on your head.
You have sharp toenails.
You may rarely emit foul miasma when damaged in melee.
You are hated by all.
You are somewhat inexperienced. (-2 XL)
Spells you cast may paralyse adjacent enemies.


Message History

Casting: Wereblood (safe; 10% risk of failure)
Confirm with . or Enter, or press ? or * to list all spells.
Your blood is freshly infused with primal strength!
Malevolent energies surge around you.
You block the seven-headed hydra's attack. x2
The seven-headed hydra closely misses you.
The seven-headed hydra bites you. x2; The seven-headed hydra bites you!
* * * LOW HITPOINT WARNING * * *
The seven-headed hydra closely misses you.
Unknown command.
Casting: Wereblood (safe; 10% risk of failure)
Confirm with . or Enter, or press ? or * to list all spells.
Your blood is freshly infused with primal strength!
Malevolent energies surge around you.
The seven-headed hydra is no longer blind.
The seven-headed hydra bites you but does no damage.
The seven-headed hydra bites you.
* * * LOW HITPOINT WARNING * * *
You focus your inner power and illuminate the seven-headed hydra in retribution!
The seven-headed hydra barely misses you.
The seven-headed hydra misses you. The seven-headed hydra bites you!
* * * LOW HITPOINT WARNING * * *
The seven-headed hydra closely misses you.
The seven-headed hydra bites you but does no damage.
Unknown command.
You see here a +0 falchion.
Items here: ))))) [[[[.
The seven-headed hydra stops glowing.
Your primal bloodlust is almost over.
Your primal bloodlust has ended.
Things that are here:
a +0 leather armour; a +0 hand axe
Items here: ))))) [[[[.
You see here a +0 falchion.
You feel yourself speed up. The seven-headed hydra misses you.
The seven-headed hydra bites you but does no damage.
The seven-headed hydra bites you!
* * * LOW HITPOINT WARNING * * *
The seven-headed hydra bites you.
You die...

#...#...#...........##
.....##.##.........##
...................##
................<...##
..#...#.....#........#
.###................##
..##..#..............#
......#.....>.......##
.......#........@...##
..#...###.......D....#
...#....#...........##
..###...........)[...#
....#..........)[...##
........#......[...##
#.#....#............##
####.####............#
##.#####............##


You could see a seven-headed hydra.

Vanquished Creatures
  A two-headed ogre (D:10)
  A manticore (D:9)
  3 trolls
  Grinder (D:5)
  A shadow (D:9)
  13 yaks
  A wyvern (D:8)
  A steam dragon (D:8)
  5 wargs
  An acid dragon (D:10)
  2 water moccasins
  4 orc warriors
  A black bear (D:4)
  3 sky beasts
  A necrophage (D:7)
  An ogre (D:4)
  10 centaurs
  4 kobold brigands
  6 bullfrogs
  A gnoll sergeant (D:6)
  2 scorpions
  A wyvern skeleton (D:7)
  6 killer bees
  A howler monkey (D:8)
  A bullfrog zombie (D:6)
  5 centaur zombies
  A hound (D:6)
  3 jellies
  4 orc priests
  2 centaur skeletons (D:5)
  Jessica (D:2)
  10 orc wizards
  Ijyb (D:5)
  A hound skeleton (D:4)
  A howler monkey zombie (D:9)
  7 gnolls
  A howler monkey skeleton (D:6)
  5 adders
  A shadow imp (D:6)
  2 white imps
  An ufetubus (D:5)
  5 worms
  9 dart slugs
  51 orcs
  2 ball pythons
  9 endoplasms
  3 goblins
  6 hobgoblins
  13 jackals
  8 quokkas
  7 bats
  3 frilled lizards
  31 kobolds
  7 rats
272 creatures vanquished.

Notes
Turn   | Place    | Note
-------+----------+-------------------------------------------
     0 | D:1      | jasper the Demonspawn Transmuter began the quest for the
                  | Orb.
     0 | D:1      | Reached XP level 1. HP: 15/15 MP: 3/3
   520 | D:1      | Gained mutation: You have sharp fingernails. [demonic
                  | ancestry]
   520 | D:1      | Reached XP level 2. HP: 13/21 MP: 5/5
   533 | D:1      | Reached skill level 3 in Unarmed Combat
   804 | D:1      | Reached XP level 3. HP: 27/27 MP: 4/6
  1540 | D:1      | Reached skill level 1 in Shields
  1684 | D:2      | Learned a level 2 spell: Wereblood
  1687 | D:2      | Learned a level 2 spell: Passwall
  1883 | D:2      | Noticed Jessica
  1889 | D:2      | Killed Jessica
  1890 | D:2      | Gained mutation: You have very sharp fingernails. [demonic
                  | ancestry]
  1890 | D:2      | Reached XP level 4. HP: 27/33 MP: 5/7
  2634 | D:2      | Found a faded altar of an unknown god.
  2649 | D:2      | Found Suclout's Distillery.
  2673 | D:2      | Bought a potion of curing for 30 gold pieces
  3511 | D:3      | Gained mutation: You may rarely emit foul miasma when
                  | damaged in melee. [demonic ancestry]
  3511 | D:3      | Reached XP level 5. HP: 32/38 MP: 6/8
  3697 | D:3      | Found a runed translucent door.
  3720 | D:3      | Noticed horus123's ghost (amateur OpBr)
  4795 | D:4      | Noticed a black bear
  4798 | D:4      | Noticed Edmund
  5562 | D:4      | Killed a black bear
  5563 | D:4      | Gained mutation: You have claws for hands. [demonic
                  | ancestry]
  5563 | D:4      | Reached XP level 6. HP: 37/45 MP: 7/9
  5675 | D:4      | Reached skill level 4 in Unarmed Combat
  5840 | D:5      | Entered Level 5 of the Dungeon
  5880 | D:5      | Found a runed translucent door.
  5905 | D:5      | Gained mutation: Spells you cast may paralyse adjacent
                  | enemies. [demonic ancestry]
  5905 | D:5      | Reached XP level 7. HP: 20/51 MP: 8/10
  6360 | D:5      | Noticed Grinder
  6364 | D:5      | Paralysed by Grinder for 3 turns
  6374 | D:5      | Killed Grinder
  6516 | D:5      | Noticed Ijyb
  6529 | D:5      | Killed Ijyb
  6699 | D:5      | Reached skill level 5 in Unarmed Combat
  6840 | D:5      | Found Sooludung's Weapon Emporium.
  6930 | D:5      | Found an iron altar of Okawaru.
  7086 | D:5      | Noticed Spectrina's ghost (amateur DEMo)
  7146 | D:5      | Found a runed translucent door.
  7274 | D:6      | Reached XP level 8. HP: 60/60 MP: 8/11
  7545 | D:6      | Found a shadowy altar of Dithmenos.
  7892 | D:6      | Reached skill level 6 in Unarmed Combat
  8151 | D:6      | Found Xiephib's Jewellery Shoppe.
  8165 | D:6      | Identified the +1 robe of Esawus {Rampage rPois rF- Str+2}
  8180 | D:6      | Found a staircase to the Ecumenical Temple.
  8292 | Temple   | Entered the Ecumenical Temple
  8512 | Temple   | Became a worshipper of Ru the Awakened
  8911 | D:7      | Reached skill level 1 in Earth Magic
  9158 | D:7      | Mutation became permanent: You have sharp toenails.
                  | [demonic ancestry]
  9158 | D:7      | Gained mutation: You have razor-sharp toenails. [demonic
                  | ancestry]
  9158 | D:7      | Reached XP level 9. HP: 66/67 MP: 10/12
  9266 | D:7      | Reached skill level 5 in Fighting
  9339 | D:7      | Reached skill level 7 in Unarmed Combat
  9348 | D:7      | Reached skill level 5 in Dodging
 10315 | D:8      | Gained mutation: You are hated by all. [Ru sacrifice]
 10315 | D:8      | Reached * piety under Ru
 10842 | D:8      | Found a broken altar of Ashenzari.
 11389 | D:9      | Reached skill level 8 in Unarmed Combat
 12019 | D:9      | Mutation became permanent: You have a pair of small horns
                  | on your head. [demonic ancestry]
 12019 | D:9      | Gained mutation: You have a pair of horns on your head.
                  | [demonic ancestry]
 12019 | D:9      | Reached XP level 10. HP: 45/76 MP: 10/13
 12289 | D:9      | Found a staircase to the Lair.
 12315 | D:9      | Found a hide-covered altar of Uskayaw.
 12368 | D:9      | Found a stormy altar of Qazlal.
 12708 | D:9      | Noticed a manticore
 12719 | D:9      | Killed a manticore
 13017 | D:9      | Reached skill level 9 in Unarmed Combat
 13167 | D:10     | Entered Level 10 of the Dungeon
 13215 | D:10     | Noticed a two-headed ogre
 13230 | D:10     | Killed a two-headed ogre
 13490 | D:10     | Noticed Fannar
 14013 | D:11     | Noticed a seven-headed hydra
 14159 | D:11     | Gained mutation: You are somewhat inexperienced. (-2 XL)
                  | [Ru sacrifice]
 14159 | D:11     | Reached XP level 9. HP: 13/72 MP: 12/12
 14159 | D:11     | Reached XP level 8. HP: 13/67 MP: 11/11
 14159 | D:11     | Reached ** piety under Ru
 14159 | D:11     | Reached *** piety under Ru
 14159 | D:11     | Reached **** piety under Ru
 14440 | D:11     | Reached skill level 10 in Unarmed Combat
 14456 | D:11     | Found a staircase to the Orcish Mines.
 14551 | Orc:1    | Entered Level 1 of the Orcish Mines
 14564 | Orc:1    | Reached XP level 9. HP: 63/73 MP: 10/12
 14724 | Orc:1    | Found Cilaaf's Antique Weapon Shoppe.
 14726 | Orc:1    | Found a transporter.
 14728 | Orc:1    | Noticed an ettin
 14728 | Orc:1    | Noticed sasquatch's ghost (journeyman DEFE)
 14728 | Orc:1    | Noticed a two-headed ogre
 14729 | Orc:1    | Noticed a two-headed ogre
 15035 | Orc:1    | Found a transporter.
 15338 | Orc:1    | HP: 3/74 [seven-headed hydra (12)]
 15338 | Orc:1    | Slain by a seven-headed hydra

Illustrated notes

Levels and vault maps discovered:
D:1:      onia_arrival_pentagram, layout_basic
D:2:      layout_loops_corners, chequers_ecumenical_altar_twisty, serial_shops,
          nicolae_shop_waterfront, corexii_shack, kennysheep_generic_room_16,
          uniq_jessica
D:3:      layout_loops_cross, ebering_ghost_sewer_d, glass_columns_a,
          corner_web_ring, minmay_misc_feat_roman
D:4:      layout_basic, kennysheep_mini, uniq_edmund
D:5:      layout_loops_ring, nicolae_overflow_hidden_temple,
          ebering_ghost_sewer_f, serial_shops, nicolae_shop_behind_doors,
          uniq_ijyb, uniq_grinder
D:6:      layout_cave_pods, nicolae_dithmenos_through_a_glass_darkly,
          minmay_temple_entry_stoned_glass, serial_column_ruins,
          column_ruins_hut_water, column_ruins_circle_medium,
          column_ruins_open_medium, column_ruins_grid_1,
          column_ruins_columns_water, column_ruins_grid_1, serial_shops, shop
D:7:      layout_loops_ring, minmay_misc_feat_columns
D:8:      layout_basic, cheibrodos_ashenzari_chains
D:9:      layout_roguey, grunt_qazlal_sundering, eat_drink_and_be_merry_uskayaw,
          erik_lair_orcish_takeover
D:10:     layout_rooms, hangedman_abyss_or_decor_passed, uniq_nergalle,
          uniq_fannar
D:11:     layout_irregular_city, david_orc_2, ebering_ghost_disaster_area
Temple:   eino_temple_scatter_basement
Orc:1:    layout_caves, gammafunk_ghost_smash, basic_altar, serial_shops,
          nicolae_diamond_shop

Skill      XL: |  1  2  3  4  5  6  7  8  9 10 |
---------------+-------------------------------+-----
Dodging        | 2 3 4 5 7 |  7.5
Unarmed Combat | 3 4 5 10 8 9 | 10.5
Shields        | 2 3 4 |  4.0
Fighting       | 2 3 4 8 7 |  8.0
Transmutations | 2 3 4 |  4.0
Earth Magic    | 1 3 4 |  4.0
Spellcasting   | |  2.0

Action                   |  1- 3 |  4- 6 |  7- 9 | 10-12 || total
-------------------------+-------+-------+-------+-------++-------
Melee: Unarmed           |   109 |   204 |   348 |   103 ||   764
       Kick              |    12 |    41 |    86 |    37 ||   176
       Headbutt          |     8 |    23 |    42 |    29 ||   102
       Punch             |     1 |       |       |       ||     1
Throw: Dart              |       |     5 |    28 |    17 ||    50
       Stone             |       |     1 |       |       ||     1
 Cast: Beastly Appendage |    22 |    36 |    27 |       ||    85
       Wereblood         |       |     2 |    26 |     7 ||    35
Invok: Sacrifice Experie |       |       |     1 |       ||     1
       Sacrifice Love    |       |       |     1 |       ||     1
Evoke: Wand              |       |       |     3 |     6 ||     9
  Use: Scroll            |     3 |     6 |     3 |     2 ||    14
       Potion            |       |       |     9 |       ||     9
 Stab: Sleeping          |       |     1 |       |       ||     1
       Paralysed         |       |       |    17 |     4 ||    21
       Invisible         |       |       |     2 |       ||     2
Armor: Robe              |    24 |     5 |       |       ||    29
       Ring mail         |       |    44 |    92 |    19 ||   155
Dodge: Dodged            |    59 |    78 |   209 |    54 ||   400
Block: Buckler           |     6 |    47 |    90 |    21 ||   164
